AoeStats
← gerard

Oasis

508705398Analyzed
3v3 RM · 10d ago on Sep 23, 2026· 38m 22s· 6 players
Game mode
Random Map
Map size
Normal (6 player)
Population
200
Speed
Normal
Resources
Standard
Victory
Conquest
Starting age
Dark Age
Ending age
Imperial Age
RankedLock teamsTeams togetherTeam positionsShared explorationLock speedFull tech treeHidden civsTurbo modeCheats
Victory
Defeat
🇩🇪 Chinese · Germany
859
+16
🇩🇪 Goths · Germany
813
+18
🇩🇪 Danes · Germany
797
+19
🇳🇱 Varangians · Netherlands
988
-22
🇳🇱 Britons · Netherlands
836
-17
🇳🇱 Spanish · Netherlands
764
-14
Mathe
8:51 Loom
11:28 Feudal Age
11:40 Man-at-Arms
12:06 Arson
12:21 Double-Bit Axe
13:16 Forging
15:53 Scale Mail Armor
15:58 Horse Collar
19:05 Wheelbarrow
23:02 Fletching
23:12 Padded Archer Armor
25:31 Castle Age
25:44 Elite Skirmisher
28:07 Iron Casting
27:27 Bodkin Arrow
27:48 Leather Archer Armor
27:48 Chain Mail Armor
28:02 Gambesons
28:19 Squires
27:48 Pikeman
30:09 Bow Saw
30:56 Hand Cart
31:21 Town Watch
31:50 Thumb Ring
32:43 Heavy Plow
32:30 Long Swordsman
34:19 Ballistics
johannes.hass87
0:40 Loom
14:22 Feudal Age
16:32 Gold Mining
16:24 Horse Collar
16:33 Double-Bit Axe
18:42 Wheelbarrow
20:10 Castle Age
19:15 Stone Mining
21:44 Heavy Plow
22:40 Wheelbarrow
22:33 Bow Saw
22:08 Pikeman
22:49 Squires
26:29 Stone Shaft Mining
26:39 Hand Cart
29:14 Bloodlines
29:05 Husbandry
28:26 Light Cavalry
29:50 Elite Skirmisher
31:30 Scale Mail Armor
31:40 Forging
33:35 Anarchy
36:10 Imperial Age
37:26 Crop Rotation
38:00 Two-Man Saw
37:05 Perfusion
37:25 Conscription
brodreiner
14:49 Feudal Age
15:44 Loom
19:31 Castle Age
19:19 Double-Bit Axe
20:12 Fletching
19:57 Crossbowman
22:55 Padded Archer Armor
24:43 Ballistics
24:34 Gold Mining
25:49 Wheelbarrow
25:23 Thumb Ring
26:36 Bodkin Arrow
35:58 Leather Archer Armor
gerard
3:26 Loom
14:09 Feudal Age
20:12 Castle Age
19:36 Scale Barding Armor
22:27 Chain Barding Armor
28:31 Husbandry
29:54 Bloodlines
32:39 Elite Skirmisher
33:25 Thumb Ring
35:34 Padded Archer Armor
35:39 Fletching
36:46 Leather Archer Armor
36:55 Double-Bit Axe
wmeijerink
5:28 Loom
16:13 Feudal Age
22:33 Castle Age
21:30 Forging
21:12 Fletching
21:23 Padded Archer Armor
22:40 Wheelbarrow
22:31 Gold Mining
22:27 Horse Collar
22:37 Double-Bit Axe
23:50 Wheelbarrow
26:53 Hand Cart
26:30 Town Watch
28:32 Heavy Plow
28:46 Bow Saw
30:38 Elite Skirmisher
33:23 Leather Archer Armor
36:36 Bodkin Arrow
38:10 Gold Shaft Mining
37:26 Stone Mining
LinearLeopard
7:08 Loom
9:25 Feudal Age
10:42 Double-Bit Axe
25:55 Castle Age
25:16 Fletching
28:06 Wheelbarrow
29:00 Scale Mail Armor
31:30 Squires
32:50 Chain Mail Armor
34:07 Squires
36:25 Chain Mail Armor
36:21 Town Watch
Connection lost

Rejoining the realm…

Still unreachable

The connection could not be restored.

Session expired

The server has moved on; the page needs a fresh start.